 Dungeon Crawl Stone Soup version 0.24.0-123-gd5b16e6ec5 (webtiles) character file.

Game seed: 1765687831794857691, levelgen mode: deterministic

88 Descartes the Scratcher (level 4, 0/19 HPs)
             Began as a Felid Transmuter on Dec 27, 2019.
             Slain by Natasha (6 damage)
             ... on level 3 of the Dungeon.
             The game lasted 00:05:21 (3208 turns).

Descartes the Scratcher (Felid Transmuter)          Turns: 3208, Time: 00:05:22

Health: 0/19       AC:  1    Str:  7    XL:     4   Next: 30%
Magic:  16/17      EV: 18    Int: 14    God:
Gold:   95         SH:  0    Dex: 16    Spells: 6/7 levels left
                                        Lives:  0   Deaths: 1

rFire    . . .     SeeInvis +     - Unarmed
rCold    . . .     Gourm    .   (shield unavailable)
rNeg     . . .     Faith    .   (armour unavailable)
rPois    .         Spirit   .   (helmet unavailable)
rElec    .         Reflect  .   (cloak unavailable)
rCorr    .         Harm     .   (gloves unavailable)
MR       +....                  (boots unavailable)
Stlth    +++.......             (no amulet)
HPRegen  0.06/turn              b - ring of protection from magic
MPRegen  0.15/turn              i - ring of magical power

@: appendage, quick
A: very small, no armour, no weapons or thrown items, stealth, claws 1, fangs 3,
horns 2, see invisible, carnivore, speed 1, shaggy fur 1, slow metabolism 1,
sharp paws
a: End Transformation


You were on level 3 of the Dungeon.
You were completely stuffed.
You had grown temporary horns.
You visited 1 branch of the dungeon, and saw 3 of its levels.

You collected 95 gold pieces.

Inventory:

Missiles
 a - 27 arrows
 e - 107 stones
Jewellery
 b - a ring of protection from magic (left paw)
 i - a ring of magical power (right paw)
Scrolls
 f - a scroll of random uselessness {unknown}
 k - a scroll of identify {unknown}
 l - a scroll of teleportation {unknown}
 m - a scroll of enchant armour {unknown}
 n - a scroll of enchant weapon {unknown}
 o - a scroll of remove curse {unknown}
Potions
 d - 2 potions of flight {unknown}
 g - a potion of berserk rage {unknown}
 j - a potion of heal wounds {unknown}
Comestibles
 c - 2 rations
 h - 5 chunks of flesh


   Skills:
 + Level 1.8 Fighting
 + Level 3.2 Dodging
 * Level 3.2 Stealth
 * Level 3.8 Unarmed Combat
 + Level 2.4 Spellcasting
 + Level 2.9 Transmutations


You had 6 spell levels left.
You knew the following spells:

 Your Spells              Type           Power        Failure   Level  Hunger
a - Beastly Appendage     Tmut           #.....       7%          1    #......

Your spell library contained the following spells:

 Spells                   Type           Power        Failure   Level  Hunger
 Sticks to Snakes         Tmut           #.......     11%         2    ###....
 Spider Form              Tmut/Pois      #.........   36%         3    ###....
 Ice Form                 Ice/Tmut       #.......     77%         4    #####..
 Blade Hands              Tmut           #.........   88%         5    ######.


Dungeon Overview and Level Annotations

Branches:
Dungeon (3/15)

Altars:
Ru

Annotations:
D:3 2 transporters, Natasha


Innate Abilities, Weirdness & Mutations

You cannot wear armour.
You are incapable of wielding weapons or throwing items.
Your paws allow you to move quietly. (Stealth)
You have sharp claws.
You have razor-sharp teeth.
You have supernaturally acute eyesight. (SInv)
You are carnivorous and can eat meat at any time.
You cover ground quickly.
You are covered in fur. (AC +1)
You have a slow metabolism.
Your sharp claws are effective at attacking unaware monsters.
You have a pair of horns on your head.


Message History

h - 5 chunks of flesh (gained 2)
You start resting.
HP restored.
Natasha is too close now for your liking.
Natasha hisses angrily.
Casting: Beastly Appendage (safe; 7% risk of failure)
Confirm with . or Enter, or press ? or * to list all spells.
You grow a pair of large bovine horns.
Natasha casts a spell.
You scratch the crimson imp but do no damage.
You headbutt the crimson imp.
The crimson imp is heavily wounded.
The crimson imp completely misses you. Natasha claws you!
You claw the crimson imp!
You kill the crimson imp!
Natasha claws you.
You are too injured to fight recklessly!
You are too injured to fight recklessly!
You closely miss Natasha. Natasha claws you.
You die...

..#.................####+####.#
..#.................#P../..P#.#
.##.................#8P.©.P8#.###
....................#########..#.
..#.....................©...)....
.................................
................................'
.......................#........#
................@h..............#
........####....<(....##........#
........# ##........####.......#
........# ##........# ##.....##
......... ..........# #####..#
....>..## ###........# #..#
......## #........# #.. #######
##.......# #.......#


You could see Natasha.

Vanquished Creatures
  An orc wizard (D:3)
  Natasha (D:3)
  2 adders (D:3)
  An ooze (D:1)
  A worm (D:3)
  2 leopard geckos (D:3)
  3 orcs
  3 giant cockroaches
  6 goblins
  4 hobgoblins
  A jackal (D:3)
  3 ball pythons
  4 bats
  7 frilled lizards
  6 kobolds
  6 rats
51 creatures vanquished.

Notes
Turn   | Place    | Note
-------+----------+-------------------------------------------
     0 | D:1      | Descartes the Felid Transmuter began the quest for the Orb.
     0 | D:1      | Reached XP level 1. HP: 9/9 MP: 4/4
   180 | D:1      | Reached skill level 1 in Stealth
   180 | D:1      | Reached XP level 2. HP: 11/12 MP: 6/6
  1025 | D:2      | Reached XP level 3. HP: 13/15 MP: 7/7
  2581 | D:3      | Noticed Natasha
  2591 | D:3      | Killed Natasha
  2591 | D:3      | Reached XP level 4. HP: 19/19 MP: 8/8
  2609 | D:3      | Noticed Natasha
  2618 | D:3      | Killed from afar by Natasha
  2619 | D:3      | Reached XP level 3. HP: -4/15 MP: 16/16
  2619 | D:3      | Found a transporter.
  2648 | D:3      | Found a transporter.
  2685 | D:3      | Found a sacrificial altar of Ru.
  2700 | D:3      | Reached XP level 4. HP: 8/19 MP: 8/8
  3208 | D:3      | Slain by Natasha

Levels and vault maps discovered:
D:1:      giann_wishing_wells, layout_loops_cross
D:2:      layout_rooms, columned_hall_lemuel, minmay_misc_feat_secret_circle
D:3:      gammafunk_wand_slinger, layout_rooms,
          gammafunk_temple_overflow_elements,
          nicolae_ru_great_annihilating_truth, uniq_natasha

Skill      XL: |  1  2  3 |
---------------+----------+-----
Stealth        | 1 3 |  3.2
Dodging        | 3 |  3.2
Fighting       | |  1.8
Unarmed Combat | |  3.8
Spellcasting   | |  2.4
Transmutations | |  2.9

Action                   |  1- 3 |  4- 6 || total
-------------------------+-------+-------++-------
Melee: Unarmed           |   115 |    43 ||   158
       Bite              |     9 |     1 ||    10
       Punch             |       |     2 ||     2
       Headbutt          |       |     1 ||     1
 Cast: Beastly Appendage |       |     1 ||     1
 Stab: Sleeping          |     9 |       ||     9
  Eat: Chunk             |    16 |     1 ||    17
Armor: Skin              |     1 |       ||     1
Dodge: Dodged            |    82 |    26 ||   108
